MID
GREAT LAKES LOONS @ LANSING LUGNUTS
11/02/2046
 
TOP OF THE 1ST
Great Lakes Loons batting - Pitching for Lansing Lugnuts : LHP Ricardo Chavez
Pitching: LHP Ricardo Chavez
Batting: RHB Marcos Villalobos 0-0: Swinging Strike
0-1: Foul Ball, location: 2F
0-2: Fly out, F9 (Flyball, 89D, EV 104.4 MPH)
Batting: LHB Jesus Ramirez 0-0: Ball
1-0: Ball
2-0: Ball
3-0: Called Strike
3-1: SINGLE (Groundball, 6M, EV 105.6 MPH)
Batting: RHB Manny Mendoza 0-0: Ball
1-0: Ball
2-0: Foul Ball, location: 2F
2-1: Ball
3-1: Base on Balls
Jesus Ramirez to second
Batting: RHB Nick Getz 0-0: Called Strike
0-1: DOUBLE (Flyball, 8LXD, EV 108.1 MPH)
Jesus Ramirez scores
Manny Mendoza to third
Runner from 3rd tries for Home, SAFE, throw by CF to home
Batting: RHB T.J. Jordan 0-0: Swinging Strike
0-1: Swinging Strike
0-2: Ball
1-2: Strikes out swinging
Batting: SHB Xavier Alaniz 0-0: Ball
Wild Pitch!
Nick Getz to third
1-0: Called Strike
1-1: Called Strike
1-2: Strikes out swinging
Top of the 1st over - 2 runs, 2 hits, 0 errors, 1 left on base; Great Lakes 2 - Lansing 0
BOTTOM OF THE 1ST
Lansing Lugnuts batting - Pitching for Great Lakes Loons : LHP Jonathan Daniels
Pitching: LHP Jonathan Daniels
Batting: RHB Justin Geiger 0-0: Ball
1-0: Reached on error, E4 (Groundball, 4, EV 83.1 MPH)
Batting: RHB Tokuji Kawabata 0-0: Ball
1-0: Ball
Justin Geiger steals 2nd base
2-0: Ground out 5-3 (Groundball, 56S, EV 77.5 MPH)
Batting: RHB Taylor Peavey 0-0: Called Strike
Justin Geiger steals 3rd base
0-1: Foul Ball, location: 2F
0-2: Ball
1-2: SINGLE (Groundball, 34D, EV 95.6 MPH)
Justin Geiger scores
Batting: LHB Aaron Caron 0-0: Ball
1-0: Swinging Strike
1-1: Ball
2-1: Ground out U3 (Groundball, 3S, EV 76.9 MPH)
Taylor Peavey to second
Batting: RHB Kyle Davis 0-0: Foul Ball, location: 2F
0-1: Called Strike
0-2: Fly out, F4 (Line Drive, 4, EV 68.8 MPH)
Bottom of the 1st over - 1 run, 1 hit, 1 error, 1 left on base; Great Lakes 2 - Lansing 1
TOP OF THE 2ND
Great Lakes Loons batting - Pitching for Lansing Lugnuts : LHP Ricardo Chavez
Pitching: RHP Omar Torres
Batting: RHB Kyle Garrett 0-0: Called Strike
0-1: Called Strike
0-2: Ball
1-2: Fly out, F8 (Flyball, 8LM, EV 80.6 MPH)
Batting: RHB Shinji Aizawa 0-0: Ball
1-0: Ball
2-0: Ball
3-0: Called Strike
3-1: Foul Ball, location: 2F
3-2: Foul Ball, location: 2F
3-2: Fly out, F8 (Flyball, 8LS, EV 82.5 MPH)
Batting: RHB Jonathan Underhill 0-0: SINGLE (Line Drive, 7S, EV 86.2 MPH)
Batting: RHB Marcos Villalobos 0-0: Ball
1-0: Ball
Jonathan Underhill steals 2nd base
2-0: Foul Ball, location: 2F
2-1: Foul Ball, location: 2F
2-2: Strikes out swinging
Top of the 2nd over - 0 runs, 1 hit, 0 errors, 1 left on base; Great Lakes 2 - Lansing 1
BOTTOM OF THE 2ND
Lansing Lugnuts batting - Pitching for Great Lakes Loons : LHP Jonathan Daniels
Batting: LHB Eddie Muniz 0-0: Called Strike
0-1: Foul Ball, location: 2F
0-2: Strikes out swinging
Batting: RHB Brian Manson 0-0: Called Strike
0-1: Ball
1-1: Foul Ball, location: 2F
1-2: Ball
2-2: Ball
3-2: Fly out, F8 (Flyball, 89S, EV 69.4 MPH)
Batting: LHB Roger Escareno 0-0: Called Strike
0-1: Foul Ball, location: 2F
0-2: Ball
1-2: Strikes out looking
Bottom of the 2nd over - 0 runs, 0 hits, 0 errors, 0 left on base; Great Lakes 2 - Lansing 1
TOP OF THE 3RD
Great Lakes Loons batting - Pitching for Lansing Lugnuts : RHP Omar Torres
Batting: LHB Jesus Ramirez 0-0: Ball
1-0: Ball
2-0: Ball
3-0: Called Strike
3-1: Called Strike
3-2: Strikes out swinging
Batting: RHB Manny Mendoza 0-0: Called Strike
0-1: Ball
1-1: Foul Ball, location: 2F
1-2: Ball
2-2: Strikes out swinging
Batting: RHB Nick Getz 0-0: TRIPLE (Flyball, 89XD, EV 111.2 MPH)
Batting: RHB T.J. Jordan 0-0: Called Strike
0-1: Ball
1-1: Ball
2-1: Ground out 5-3 (Groundball, 56, EV 86.9 MPH)
Top of the 3rd over - 0 runs, 1 hit, 0 errors, 1 left on base; Great Lakes 2 - Lansing 1
BOTTOM OF THE 3RD
Lansing Lugnuts batting - Pitching for Great Lakes Loons : LHP Jonathan Daniels
Batting: RHB Luis Reyes 0-0: Called Strike
0-1: Ball
1-1: Ball
2-1: Ground out 5-3 (Groundball, 56S, EV 90.6 MPH)
Batting: RHB Justin Geiger 0-0: Ground out 4-3 (Groundball, 4, EV 85.6 MPH)
Batting: RHB Tokuji Kawabata 0-0: Called Strike
0-1: Swinging Strike
0-2: Foul Ball, location: 2F
0-2: Foul Ball, location: 2F
0-2: Ball
1-2: Strikes out looking
Bottom of the 3rd over - 0 runs, 0 hits, 0 errors, 0 left on base; Great Lakes 2 - Lansing 1
TOP OF THE 4TH
Great Lakes Loons batting - Pitching for Lansing Lugnuts : RHP Omar Torres
Batting: SHB Xavier Alaniz 0-0: Ball
1-0: Foul Ball, location: 2F
1-1: Foul Ball, location: 2F
1-2: Strikes out swinging
Batting: RHB Kyle Garrett 0-0: Called Strike
0-1: Ball
1-1: Swinging Strike
1-2: Foul Ball, location: 2F
1-2: Strikes out swinging
Batting: RHB Shinji Aizawa 0-0: Ball
1-0: Ground out 6-3 (Groundball, 56, EV 101.9 MPH)
Top of the 4th over - 0 runs, 0 hits, 0 errors, 0 left on base; Great Lakes 2 - Lansing 1
BOTTOM OF THE 4TH
Lansing Lugnuts batting - Pitching for Great Lakes Loons : LHP Jonathan Daniels
Batting: RHB Taylor Peavey 0-0: Fly out, F8 (Flyball, 89M, EV 91.2 MPH)
Batting: LHB Aaron Caron 0-0: Called Strike
0-1: Foul Ball, location: 2F
0-2: Ball
1-2: SINGLE (Flyball, 56D, EV 83.1 MPH)
Batting: RHB Kyle Davis 0-0: Ball
1-0: Ball
2-0: Ball
3-0: Called Strike
3-1: Base on Balls
Aaron Caron to second
Batting: LHB Eddie Muniz 0-0: Foul Ball, location: 2F
0-1: Called Strike
0-2: Ball
1-2: Ball
2-2: Ball
3-2: Foul Ball, location: 2F
3-2: Base on Balls
Aaron Caron to third
Kyle Davis to second
Batting: RHB Brian Manson 0-0: Called Strike
0-1: Ball
1-1: Ball
2-1: DOUBLE (Groundball, 5L, EV 94.4 MPH)
Aaron Caron scores
Kyle Davis scores
Eddie Muniz to third
Batting: LHB Roger Escareno 0-0: Ball
1-0: Fly out, F6 (Popup, 56, EV 62.5 MPH)
Batting: RHB Luis Reyes 0-0: Ball
1-0: Ground out 5-3 (Groundball, 56S, EV 86.2 MPH)
Bottom of the 4th over - 2 runs, 2 hits, 0 errors, 2 left on base; Great Lakes 2 - Lansing 3
TOP OF THE 5TH
Great Lakes Loons batting - Pitching for Lansing Lugnuts : RHP Omar Torres
Pinch Hitting: LHB Antonio Fierros 0-0: Ball
1-0: SINGLE (Groundball, 5L, EV 84.4 MPH) (infield hit)
Batting: RHB Marcos Villalobos 0-0: Fielders Choice at 2nd, 6-4 (Groundball, 56, EV 108.1 MPH)
Batting: LHB Jesus Ramirez 0-0: Ball
Marcos Villalobos steals 2nd base
1-0: Swinging Strike
1-1: Foul Ball, location: 2F
1-2: Ball
2-2: Foul Ball, location: 2F
2-2: SINGLE (Line Drive, 89S, EV 110.6 MPH)
Marcos Villalobos to third
Batting: RHB Manny Mendoza 0-0: Fly out, F8 (Flyball, 89M, EV 90.6 MPH)
Runner from 3rd tags up, SCORES, throw by CF
Batting: RHB Nick Getz 0-0: Ball
1-0: Ball
2-0: Called Strike
2-1: Ball
3-1: Base on Balls
Jesus Ramirez to second
Pinch Runner at 2nd Enrique Andrade:
Batting: RHB T.J. Jordan 0-0: Ball
1-0: SINGLE (Line Drive, 8RS, EV 97.5 MPH)
Enrique Andrade to third
Nick Getz to second
Runner from 3rd tries for Home, SAFE, throw by CF to home
Batting: SHB Xavier Alaniz 0-0: Ball
1-0: Called Strike
1-1: Called Strike
1-2: Ball
2-2: Strikes out looking
Top of the 5th over - 2 runs, 3 hits, 0 errors, 2 left on base; Great Lakes 4 - Lansing 3
BOTTOM OF THE 5TH
Lansing Lugnuts batting - Pitching for Great Lakes Loons : LHP Jonathan Daniels
Now at 1B: Jose Robles
Now at 2B: Luis Grajeda
Batting: RHB Justin Geiger 0-0: Swinging Strike
0-1: Ball
1-1: Called Strike
1-2: Foul Ball, location: 2F
1-2: Ball
2-2: Ball
3-2: Base on Balls
Batting: RHB Tokuji Kawabata 0-0: Ball
1-0: Called Strike
1-1: Ball
Justin Geiger steals 2nd base
2-1: Called Strike
Justin Geiger steals 3rd, throwing error, E2
Justin Geiger scores
2-2: Ground out 6-3 (Groundball, 6, EV 86.9 MPH)
Batting: RHB Taylor Peavey 0-0: SINGLE (Groundball, 6MD, EV 96.2 MPH)
Batting: LHB Aaron Caron 0-0: Called Strike
0-1: Fly out, F7 (Line Drive, 7D, EV 106.2 MPH)
Pitching: RHP Chris Rodgers
Batting: RHB Kyle Davis 0-0: Ball
1-0: Ball
2-0: Ball
3-0: Foul Ball, location: 2F
3-1: Base on Balls
Taylor Peavey to second
Batting: LHB Eddie Muniz 0-0: Ground out 4-3 (Groundball, 34, EV 105.0 MPH)
Bottom of the 5th over - 1 run, 1 hit, 1 error, 2 left on base; Great Lakes 4 - Lansing 4
TOP OF THE 6TH
Great Lakes Loons batting - Pitching for Lansing Lugnuts : RHP Omar Torres
Pitching: RHP Pat Powell
Batting: RHB Kyle Garrett 0-0: Ball
1-0: SINGLE (Groundball, 4MD, EV 103.8 MPH)
Batting: RHB Shinji Aizawa 0-0: Ball
1-0: Ball
2-0: Called Strike
2-1: Foul Ball, location: 2F
2-2: Foul Ball, location: 2F
2-2: Ball
3-2: Foul Ball, location: 2F
3-2: Strikes out swinging
Pitching: LHP Bruce Knight
Batting: LHB Jose Robles 0-0: SINGLE (Groundball, 13, EV 85.6 MPH) (infield hit)
Kyle Garrett to second
Batting: RHB Marcos Villalobos 0-0: Called Strike
0-1: Ball
1-1: Ball
2-1: Foul Ball, location: 2F
2-2: Ball
3-2: Strikes out swinging
Batting: RHB Luis Grajeda 0-0: Called Strike
0-1: Ball
1-1: Foul Ball, location: 2F
1-2: Ball
2-2: Strikes out swinging
Top of the 6th over - 0 runs, 2 hits, 0 errors, 2 left on base; Great Lakes 4 - Lansing 4
BOTTOM OF THE 6TH
Lansing Lugnuts batting - Pitching for Great Lakes Loons : RHP Chris Rodgers
Pinch Hitting: LHB Jody Hudson 0-0: Swinging Strike
0-1: Ball
1-1: Called Strike
1-2: Strikes out swinging
Batting: LHB Roger Escareno 0-0: Ball
1-0: SINGLE (Line Drive, 34, EV 108.1 MPH)
Batting: RHB Luis Reyes 0-0: Called Strike
0-1: Ball
1-1: Ball
2-1: Ball
3-1: Fielders Choice at 2nd, 5-4 (Groundball, 56, EV 85.6 MPH)
Now at 2B: Helmut Steggall
Batting: RHB Justin Geiger 0-0: Called Strike
0-1: Ball
Luis Reyes steals 2nd base (no throw)
1-1: Called Strike
1-2: Strikes out looking
Bottom of the 6th over - 0 runs, 1 hit, 0 errors, 1 left on base; Great Lakes 4 - Lansing 4
TOP OF THE 7TH
Great Lakes Loons batting - Pitching for Lansing Lugnuts : LHP Bruce Knight
Pitching: RHP Jose Ramos
Now in CF: Tristan Dearing
Batting: RHB Manny Mendoza 0-0: Swinging Strike
0-1: Foul Ball, location: 2F
0-2: Ball
1-2: Strikes out looking
Batting: RHB Nick Getz 0-0: Ball
1-0: Foul Ball, location: 2F
1-1: Called Strike
1-2: Strikes out swinging
Batting: RHB T.J. Jordan 0-0: Called Strike
0-1: Ball
1-1: Ball
2-1: Called Strike
2-2: Ball
3-2: Base on Balls
Batting: SHB Xavier Alaniz 0-0: Swinging Strike
0-1: Called Strike
0-2: Foul Ball, location: 2F
0-2: Strikes out looking
Top of the 7th over - 0 runs, 0 hits, 0 errors, 1 left on base; Great Lakes 4 - Lansing 4
BOTTOM OF THE 7TH
Lansing Lugnuts batting - Pitching for Great Lakes Loons : RHP Chris Rodgers
Pitching: RHP Stephen Stanley
Batting: RHB Tokuji Kawabata 0-0: SINGLE (Groundball, 25, EV 65.6 MPH) (infield hit)
Batting: LHB Frank Nelson 0-0: Ball
Tokuji Kawabata steals 2nd base
1-0: Foul Ball, location: 2F
1-1: DOUBLE (Line Drive, 89D, EV 98.8 MPH)
Tokuji Kawabata scores
Batting: LHB Aaron Caron 0-0: Intentional Walk
Batting: RHB Kyle Davis 0-0: Called Strike
0-1: Swinging Strike
0-2: Ball
1-2: Strikes out swinging
Batting: LHB Eddie Muniz 0-0: Ball
Passed Ball!
Frank Nelson to third
Aaron Caron to second
1-0: Foul Ball, location: 2F
1-1: Ball
2-1: Foul Ball, location: 2F
2-2: SINGLE (Groundball, 34, EV 96.9 MPH)
Frank Nelson scores
Aaron Caron to third
Runner from 3rd tries for Home, SAFE, throw by RF to home
Pitching: RHP Alfonso Ortega
Batting: SHB Tristan Dearing 0-0: Ball
1-0: Ball
2-0: Ball
Wild Pitch!
Eddie Muniz to second
3-0: Called Strike
3-1: Foul Ball, location: 2F
3-2: Fly out, F7 (Flyball, 7, EV 92.5 MPH)
Batting: LHB Roger Escareno 0-0: Foul Ball, location: 2F
0-1: Fly out, F8 (Flyball, 8RS, EV 91.9 MPH)
Bottom of the 7th over - 3 runs, 3 hits, 0 errors, 1 left on base; Great Lakes 4 - Lansing 7
TOP OF THE 8TH
Great Lakes Loons batting - Pitching for Lansing Lugnuts : RHP Jose Ramos
Pitching: RHP Aaron Linkous
Batting: RHB Kyle Garrett 0-0: Swinging Strike
0-1: Foul Ball, location: 2F
0-2: Foul Ball, location: 2F
0-2: Ball
1-2: Strikes out swinging
Batting: RHB Shinji Aizawa 0-0: Ball
1-0: Ball
2-0: Foul Ball, location: 2F
2-1: Ball
3-1: Base on Balls
Batting: LHB Jose Robles 0-0: Called Strike
0-1: Swinging Strike
0-2: Strikes out swinging
Batting: RHB Marcos Villalobos 0-0: Ball
1-0: Foul Ball, location: 2F
1-1: Called Strike
1-2: SINGLE (Groundball, 6S, EV 68.8 MPH) (infield hit)
Shinji Aizawa to second
Batting: LHB Helmut Steggall 0-0: Ball
1-0: Called Strike
1-1: Ball
2-1: Swinging Strike
2-2: Foul Ball, location: 2F
2-2: Foul Ball, location: 2F
2-2: Strikes out swinging
Top of the 8th over - 0 runs, 1 hit, 0 errors, 2 left on base; Great Lakes 4 - Lansing 7
BOTTOM OF THE 8TH
Lansing Lugnuts batting - Pitching for Great Lakes Loons : RHP Alfonso Ortega
Batting: RHB Luis Reyes 0-0: Ball
1-0: Ball
2-0: SOLO HOME RUN (Flyball, 7LD, EV 92.5 MPH), Distance : 341 ft
Batting: RHB Justin Geiger 0-0: Ball
1-0: Ball
2-0: Ball
3-0: Base on Balls
Batting: RHB Tokuji Kawabata 0-0: Bunt missed!
0-1: Ball
Justin Geiger steals 2nd base
1-1: Bunted foul
1-2: Ball
2-2: SINGLE (Groundball, 6S, EV 73.8 MPH) (infield hit)
Justin Geiger to third
Batting: LHB Frank Nelson 0-0: Ball
1-0: Foul Ball, location: 2F
1-1: Called Strike
Tokuji Kawabata is caught stealing 2nd base 2-6
1-2: Fly out, F8 (Flyball, 8RD, EV 101.9 MPH)
Runner from 3rd tags up, SCORES, no throw by CF
Batting: LHB Aaron Caron 0-0: Called Strike
0-1: Swinging Strike
0-2: Ball
1-2: Foul Ball, location: 2F
1-2: Ball
2-2: Ground out 4-3 (Groundball, 4, EV 101.9 MPH)
Bottom of the 8th over - 2 runs, 2 hits, 0 errors, 0 left on base; Great Lakes 4 - Lansing 9
TOP OF THE 9TH
Great Lakes Loons batting - Pitching for Lansing Lugnuts : RHP Aaron Linkous
Batting: RHB Manny Mendoza 0-0: Ball
1-0: Called Strike
1-1: Ball
2-1: SINGLE (Groundball, 56D, EV 101.2 MPH)
Batting: RHB Nick Getz 0-0: Reached on error, E5 (Groundball, 56S, EV 76.2 MPH)
Manny Mendoza to third
Batting: RHB T.J. Jordan 0-0: Ball
1-0: Called Strike
1-1: Ball
2-1: Ground out 6-3 (Groundball, 6, EV 83.8 MPH)
Manny Mendoza scores
Nick Getz to third
Batting: SHB Xavier Alaniz 0-0: Swinging Strike
0-1: Ball
1-1: Swinging Strike
1-2: Strikes out swinging
Batting: RHB Kyle Garrett 0-0: Ball
1-0: Foul Ball, location: 2F
1-1: SINGLE (Line Drive, 4D, EV 100.0 MPH)
Nick Getz scores
Batting: RHB Shinji Aizawa 0-0: Called Strike
0-1: Foul Ball, location: 2F
0-2: Strikes out swinging, 2-3 out at first.
Top of the 9th over - 2 runs, 2 hits, 1 error, 1 left on base; Great Lakes 6 - Lansing 9
Tuesday, September 13th , 2022 - OOTP Baseball 23.7 Build 88